 Dungeon Crawl Stone Soup version 0.30-a0-778-g2ef04afb54 (console) character file.

Game seed: 10498340205427530849

62 rlgrobin the Chopper (level 4, -4/38 HPs)
             Began as a Meteoran Fighter on Feb 16, 2023.
             Was an Initiate of Yredelemnul.
             Slain by an orc warrior
             ... wielding a +0 mace
              (11 damage)
             ... on level 6 of the Dungeon.
             The game lasted 00:02:54 (441 turns).

rlgrobin the Chopper (Meteoran Fighter)              Turns: 441, Time: 00:02:55

Health: -4/38      AC:  9    Str: 20    XL:     4   Next: 53%
Magic:  5/5        EV:  7    Int:  9    God:    Yredelemnul [......]
Gold:   65         SH: 10    Dex: 13    Spells: 3/3 levels left

rFire   . . .      SeeInvis .    a - +0 war axe
rCold   . . .      Faith    .    c - +0 buckler
rNeg    . . .      Spirit   .    j - +0 chain mail
rPois   .          Reflect  +    (no helmet)
rElec   .          Harm     .    (no cloak)
rCorr   .          Rampage  .    (no gloves)
Will    .....                    (no boots) Stlth
                                 i - amulet of reflection
HPRegen 0.26/turn                (no ring)
MPRegen 0.09/turn                (no ring)

@: mighty, glowing
A: sense surroundings 1, otherworldly, glowing, explore regen
a: Renounce Religion, Recall Undead Harvest


You were on level 6 of the Dungeon.
You worshipped Yredelemnul.
Yredelemnul was noncommittal.
You visited 1 branch of the dungeon, and saw 6 of its levels.

You collected 65 gold pieces.

Inventory:

Hand Weapons
 a - a +0 war axe (weapon)
Missiles
 f - 4 boomerangs (quivered)
Armour
 c - a +0 buckler (worn)
 j - a +0 chain mail (worn)
Jewellery
 i - an amulet of reflection (around neck)
Scrolls
 g - a scroll of identify {unknown}
Potions
 e - a potion of haste {unknown}
 h - a potion of invisibility {unknown}


   Skills:
 - Level 3.2 Fighting
 + Level 5.1 Axes
 - Level 3.6 Armour
 - Level 3.6 Shields


You had 3 spell levels left.
You didn't know any spells.
Your spell library contained the following spells:

 Spells                   Type           Power      Damage    Failure   Level
 Haunt                    Necr/Summ      0%         N/A       100%        7
 Infestation              Necr           0%         N/A       100%        8
 Animate Dead             Necr           Unusable   N/A       N/A         4

Dungeon Overview and Level Annotations

Branches:
Dungeon (6/15) Zot: 3138
 Temple: D:4-7

Altars:
Sif Muna
Trog
Xom
Yredelemnul


Innate Abilities, Weirdness & Mutations

You passively map a small area around you.
You are easily found by Zot.
You glow in the dark.
You regain HP and MP as you explore.


Message History

You hit the iguana.
The iguana is moderately wounded.
The iguana bites you but does no damage.
You slash the iguana!
The iguana is almost dead.
The iguana closely misses you. You block the iguana's attack.
You hit the iguana.
You kill the iguana!
The dead are walking!
Your Axes skill increases to level 5!
You have reached level 4!
There is a stone staircase leading down here.
You climb downwards.
There is a stone staircase leading up here.
An orc warrior comes into view. It is wielding a +0 mace.
The orc warrior shouts!
The orc warrior unwields a +0 mace.
The orc warrior wields a +0 arbalest.
The orc warrior shoots a bolt.
You reflect the bolt off an invisible shield around you!
The bolt hits the orc warrior.
You hear a shout!
An orc wizard comes into view. It is wielding a +0 dagger.
The orc wizard shouts!
An orc comes into view. It is wielding a +0 mace.
Found 16 gold pieces.
The orc warrior shoots a bolt.
The bolt hits you!
The orc warrior shoots a bolt.
The bolt hits you!
The orc wizard casts a spell.
The orc wizard flickers and vanishes!
Deactivating autopickup; reactivate with Ctrl-A.
The orc warrior shoots a bolt.
The bolt closely misses you.
You feel very mighty all of a sudden.
The orc warrior shoots a bolt.
The bolt hits you!!
Ouch! That really hurt!
* * * LOW HITPOINT WARNING * * *
You barely miss the orc warrior.
The orc warrior is lightly wounded.
The orc warrior unwields a +0 arbalest.
The orc warrior wields a +0 mace.
The orc warrior hits you with a +0 mace!
You die...
Your body rises from the dead as a mindless zombie.

#######
#..<..# , , ,
#.....# ,,
#.....#
########..###
+ *
#.........## ,
...........# ,
........@o.#,,
, ,
#..######.## *
#. * * #.#* ,
* , .o. , , ,
*, ..$# ,, ,*
..# , ### , *
,*** * ** * ,


You could see an orc warrior and an orc.

Vanquished Creatures
  An iguana (D:5)
  2 adders
  2 orcs (D:4)
  2 ball pythons
  An endoplasm (D:2)
  A hobgoblin (D:2)
  A quokka (D:2)
  2 frilled lizards
  3 kobolds
  A rat (D:3)
16 creatures vanquished.

Vanquished Creatures (collateral kills)
  2 orcs (D:4)
2 creatures vanquished.

Vanquished Creatures (others)
  A ball python zombie (D:4)
  An orc zombie (D:4)
2 creatures vanquished.

Grand Total: 20 creatures vanquished

Notes
Turn   | Place    | Note
-------+----------+-------------------------------------------
     0 | D:1      | rlgrobin the Meteoran Fighter began the quest for the Orb.
     0 | D:1      | Reached XP level 1. HP: 19/19 MP: 2/2
    23 | D:2      | Reached skill level 3 in Axes
    23 | D:2      | Reached XP level 2. HP: 24/26 MP: 3/3
    93 | D:2      | Reached XP level 3. HP: 31/31 MP: 4/4
   224 | D:3      | Reached skill level 4 in Axes
   230 | D:3      | Found a shimmering blue altar of Sif Muna.
   230 | D:3      | Found a bloodstained altar of Trog.
   233 | D:3      | Found a basalt altar of Yredelemnul.
   254 | D:3      | Became a worshipper of Yredelemnul the Dark
   338 | D:4      | Found a shimmering altar of Xom.
   405 | D:5      | Entered Level 5 of the Dungeon
   426 | D:5      | Reached skill level 5 in Axes
   426 | D:5      | Reached XP level 4. HP: 38/38 MP: 5/5
   433 | D:6      | Noticed an orc warrior
   441 | D:6      | Slain by an orc warrior

Illustrated notes

Levels and vault maps discovered:
D:1:      lightli_arrival_chessboard, layout_rooms
D:2:      layout_loops_ring
D:3:      kennysheep_goblin_castle, layout_basic, minitemple
D:4:      layout_loops_cross, mainiacjoe_overflow_surrounded_room
D:5:      layout_layer_cave, worldfamousw_hep_ancestral_shrine,
          kennysheep_small_square, uniq_ijyb, uniq_pikel, uniq_grinder
D:6:      layout_gridville, serial_shops, shop, nicolae_figureground_pulse

Skill      XL: |  1  2  3 |
---------------+----------+-----
Axes           | 3 5 |  5.1
Fighting       | |  3.2
Armour         | |  3.6
Shields        | |  3.6

Action                     |  1- 3 |  4- 6 || total
---------------------------+-------+-------++-------
  Melee: War axe           |    57 |     1 ||    58
    Use: Potion            |       |     1 ||     1
 Armour: Scale mail        |    16 |       ||    16
         Chain mail        |     1 |       ||     1
  Dodge: Dodged            |    19 |     1 ||    20
  Block: Buckler           |    17 |     1 ||    18
         Reflection        |       |     1 ||     1

Table legend: (Time is in decaauts)
 A = Elapsed time spent in this place.
 B = Non-inter-level travel time spent in this place.
 C = Inter-level travel time spent in this place.
 D = Time resting spent in this place.
 E = Time spent auto-exploring this place.
 F = Levels seen in this place.
 G = Mean time per level.
                   A        B        C        D        E       F      G
               +--------+--------+--------+--------+--------+-----+--------+
         Total |    460 |    428 |     32 |      0 |      0 |   6 |   76.7 |
       Dungeon |    460 |    428 |     32 |      0 |      0 |   6 |   76.7 |
               +--------+--------+--------+--------+--------+-----+--------+

Top non-repeatable levels by time:
     D:3: 192 daAuts
     D:4: 118 daAuts
     D:2: 102 daAuts
     D:5: 28 daAuts
     D:1: 10 daAuts
     D:6: 8 daAuts
